| TOP OF THE 1ST |
|
Pawtucket Red Sox batting - Pitching for Durham Bulls : RHP Bill Alicea
|
|
Pitching: RHP Bill Alicea
|
|
|
Batting: RHB Mike Quackenbush
|
0-0: SINGLE (Line Drive, 78S, EV 105.0 MPH)
|
|
Batting: SHB Ben Ervin
|
0-0: Ball 1-0: Ball Mike Quackenbush steals 2nd base (no throw) 2-0: Fly out, F7 (Flyball, 7LM, EV 106.3 MPH)
|
|
Batting: RHB Marty King
|
0-0: Called Strike 0-1: Called Strike 0-2: Ball 1-2: Ball 2-2: Ground out 6-3 (Groundball, 6, EV 96.3 MPH)
|
|
Batting: SHB Marvin Lawrence
|
0-0: Ball 1-0: Swinging Strike 1-1: Foul Ball, location: 2F 1-2: Foul Ball, location: 2F 1-2: Strikes out swinging
|
| Top of the 1st over - 0 runs, 1 hit, 0 errors, 1 left on base; Pawtucket 0 - Durham 0 |
| BOTTOM OF THE 1ST |
|
Durham Bulls batting - Pitching for Pawtucket Red Sox : RHP Justin Carrion
|
|
Pitching: RHP Justin Carrion
|
|
|
Batting: LHB Angel Ruvalcaba
|
0-0: Fly out, F8 (Line Drive, 8LD, EV 90.0 MPH)
|
|
Batting: LHB Robin More
|
0-0: Foul Ball, location: 2F 0-1: Foul Ball, location: 2F 0-2: Strikes out swinging
|
|
Batting: RHB Eugênio Asceno
|
0-0: Swinging Strike 0-1: Ball 1-1: Ball 2-1: Foul Ball, location: 2F 2-2: Ground out 6-3 (Groundball, 6, EV 86.9 MPH)
|
| Bottom of the 1st over - 0 runs, 0 hits, 0 errors, 0 left on base; Pawtucket 0 - Durham 0 |
| TOP OF THE 2ND |
|
Pawtucket Red Sox batting - Pitching for Durham Bulls : RHP Bill Alicea
|
|
Batting: RHB Scott Treider
|
0-0: Ball 1-0: Swinging Strike 1-1: Called Strike 1-2: Foul Ball, location: 2F 1-2: Foul Ball, location: 2F 1-2: Foul Ball, location: 2F 1-2: Foul Ball, location: 2F 1-2: Foul Ball, location: 2F 1-2: Fly out, F8 (Flyball, 8RM, EV 80.0 MPH)
|
|
Batting: LHB Mike Mentzer
|
0-0: Ball 1-0: Ball 2-0: SINGLE (Groundball, 3S, EV 66.3 MPH) (infield hit)
|
|
Batting: RHB Brandon Perris
|
0-0: Called Strike 0-1: Swinging Strike 0-2: Ball 1-2: Fly out, F6 (Popup, 6M, EV 51.9 MPH)
|
|
Batting: RHB Garry Hash
|
0-0: Called Strike 0-1: Ball 1-1: Ball 2-1: Called Strike 2-2: Ground out 4-3 (Groundball, 34, EV 81.9 MPH)
|
| Top of the 2nd over - 0 runs, 1 hit, 0 errors, 1 left on base; Pawtucket 0 - Durham 0 |
| BOTTOM OF THE 2ND |
|
Durham Bulls batting - Pitching for Pawtucket Red Sox : RHP Justin Carrion
|
|
Batting: RHB Danny Diaz
|
0-0: Called Strike 0-1: Ball 1-1: Foul Ball, location: 2F 1-2: Ball 2-2: SOLO HOME RUN (Flyball, 78XD, EV 96.9 MPH), Distance : 386 ft
|
|
Batting: LHB Brian Hollinger
|
0-0: Ball 1-0: Called Strike 1-1: Ball 2-1: Called Strike 2-2: Ball 3-2: Base on Balls
|
|
Batting: RHB Shinji Aizawa
|
0-0: Ball 1-0: Swinging Strike 1-1: Called Strike 1-2: Ball 2-2: Ball 3-2: Strikes out swinging
|
|
Batting: RHB Kevin Kush
|
0-0: Ball 1-0: Ball 2-0: Fly out, F8 (Flyball, 89D, EV 92.5 MPH)
|
|
Batting: RHB Jose Herrera
|
0-0: Ball 1-0: SINGLE (Line Drive, 9LS, EV 98.1 MPH) Brian Hollinger to second Runner from 2nd tries for 3rd, OUT! 9-5
|
| Bottom of the 2nd over - 1 run, 2 hits, 0 errors, 1 left on base; Pawtucket 0 - Durham 1 |
| TOP OF THE 3RD |
|
Pawtucket Red Sox batting - Pitching for Durham Bulls : RHP Bill Alicea
|
|
Batting: RHB Ernie Genier
|
0-0: Ground out 6-3 (Groundball, 6, EV 86.3 MPH)
|
|
Batting: RHB Mike Quackenbush
|
0-0: Ball 1-0: Foul Ball, location: 2F 1-1: Foul Ball, location: 2F 1-2: Foul Ball, location: 2F 1-2: Ball 2-2: Ball 3-2: Foul Ball, location: 2F 3-2: TRIPLE (Flyball, 78XD, EV 103.1 MPH)
|
|
Batting: SHB Ben Ervin
|
0-0: Ball 1-0: Ball 2-0: Ball 3-0: Base on Balls
|
|
Batting: RHB Marty King
|
0-0: Ball 1-0: Ball 2-0: Ball 3-0: Called Strike 3-1: Grounds into double play, 5-4-3 (Groundball, 5, EV 105.6 MPH)
|
| Top of the 3rd over - 0 runs, 1 hit, 0 errors, 1 left on base; Pawtucket 0 - Durham 1 |
| BOTTOM OF THE 3RD |
|
Durham Bulls batting - Pitching for Pawtucket Red Sox : RHP Justin Carrion
|
|
Batting: RHB Dusty Camelli
|
0-0: Called Strike 0-1: Foul Ball, location: 2F 0-2: Ball 1-2: Foul Ball, location: 2F 1-2: Foul Ball, location: 2F 1-2: Foul Ball, location: 2F 1-2: Strikes out swinging
|
|
Batting: LHB Angel Ruvalcaba
|
0-0: Foul Ball, location: 2F 0-1: Ball 1-1: Ground out 6-3 (Groundball, 6, EV 86.3 MPH)
|
|
Batting: LHB Robin More
|
0-0: Foul Ball, location: 2F 0-1: Foul Ball, location: 2F 0-2: Strikes out swinging
|
| Bottom of the 3rd over - 0 runs, 0 hits, 0 errors, 0 left on base; Pawtucket 0 - Durham 1 |
| TOP OF THE 4TH |
|
Pawtucket Red Sox batting - Pitching for Durham Bulls : RHP Bill Alicea
|
|
Batting: SHB Marvin Lawrence
|
0-0: Ground out 4-3 (Groundball, 34, EV 91.9 MPH)
|
|
Batting: RHB Scott Treider
|
0-0: Ground out 5-3 (Groundball, 56, EV 103.8 MPH)
|
|
Batting: LHB Mike Mentzer
|
0-0: Ball 1-0: Ground out 4-3 (Groundball, 4, EV 86.9 MPH)
|
| Top of the 4th over - 0 runs, 0 hits, 0 errors, 0 left on base; Pawtucket 0 - Durham 1 |
| BOTTOM OF THE 4TH |
|
Durham Bulls batting - Pitching for Pawtucket Red Sox : RHP Justin Carrion
|
|
Batting: RHB Eugênio Asceno
|
0-0: Called Strike 0-1: Ball 1-1: Called Strike 1-2: Ball 2-2: Foul Ball, location: 2F 2-2: Strikes out swinging
|
|
Batting: RHB Danny Diaz
|
0-0: Ball 1-0: Called Strike 1-1: Swinging Strike 1-2: Ball 2-2: SINGLE (Line Drive, 8RS, EV 93.8 MPH)
|
|
Batting: LHB Brian Hollinger
|
0-0: Ball 1-0: Ball Danny Diaz steals 2nd base 2-0: Ball 3-0: Called Strike 3-1: SINGLE (Line Drive, 8RS, EV 90.6 MPH) Danny Diaz to third Runner from 3rd tries for Home, throw by CF and OUT! 8-2
|
|
Batting: RHB Shinji Aizawa
|
0-0: Foul Ball, location: 2F 0-1: Ball 1-1: Foul Ball, location: 2F Pickoff Throw to First - Error! E1 Brian Hollinger to second 1-2: Strikes out swinging
|
| Bottom of the 4th over - 0 runs, 2 hits, 1 error, 1 left on base; Pawtucket 0 - Durham 1 |
| TOP OF THE 5TH |
|
Pawtucket Red Sox batting - Pitching for Durham Bulls : RHP Bill Alicea
|
|
Batting: RHB Brandon Perris
|
0-0: Ball 1-0: Reached on error, E6 (Groundball, 6, EV 107.5 MPH)
|
|
Batting: RHB Garry Hash
|
0-0: Ball 1-0: Ball 2-0: Fly out, F7 (Flyball, 7LD, EV 85.0 MPH)
|
|
Batting: RHB Ernie Genier
|
0-0: Ball 1-0: Ground out 3-1 (Groundball, 34S, EV 83.1 MPH) Brandon Perris to third
|
|
Batting: RHB Mike Quackenbush
|
0-0: Called Strike 0-1: Ball 1-1: Ground out U3 (Groundball, 3L, EV 85.0 MPH)
|
| Top of the 5th over - 0 runs, 0 hits, 1 error, 1 left on base; Pawtucket 0 - Durham 1 |
| BOTTOM OF THE 5TH |
|
Durham Bulls batting - Pitching for Pawtucket Red Sox : RHP Justin Carrion
|
|
Batting: RHB Kevin Kush
|
0-0: Swinging Strike 0-1: Fly out, F9 (Flyball, 9LS, EV 91.3 MPH)
|
|
Batting: RHB Jose Herrera
|
0-0: Ground out 5-3 (Groundball, 56S, EV 79.4 MPH)
|
|
Batting: RHB Dusty Camelli
|
0-0: Called Strike 0-1: Ball 1-1: Foul Ball, location: 2F 1-2: Ball 2-2: Strikes out swinging
|
| Bottom of the 5th over - 0 runs, 0 hits, 0 errors, 0 left on base; Pawtucket 0 - Durham 1 |
| TOP OF THE 6TH |
|
Pawtucket Red Sox batting - Pitching for Durham Bulls : RHP Bill Alicea
|
|
Batting: SHB Ben Ervin
|
0-0: Called Strike 0-1: Ball 1-1: Foul Ball, location: 2F 1-2: TRIPLE (Flyball, 78XD, EV 101.3 MPH)
|
|
Batting: RHB Marty King
|
0-0: Ball 1-0: Called Strike 1-1: Fly out, F7 (Line Drive, 8LS, EV 91.9 MPH)
|
|
Batting: SHB Marvin Lawrence
|
0-0: Ball 1-0: Ball 2-0: Foul Ball, location: 2F 2-1: Ball 3-1: Swinging Strike 3-2: Base on Balls
|
|
Batting: RHB Scott Treider
|
0-0: Ground out 4-3 (Groundball, 4MS, EV 73.8 MPH) Ben Ervin scores Marvin Lawrence to second
|
|
Batting: LHB Mike Mentzer
|
0-0: Ball 1-0: Called Strike 1-1: Ball 2-1: Ball 3-1: Foul Ball, location: 2F 3-2: Foul Ball, location: 2F 3-2: Base on Balls
|
|
Batting: RHB Brandon Perris
|
0-0: Ball 1-0: Hit by Pitch Marvin Lawrence to third Mike Mentzer to second
|
|
Batting: RHB Garry Hash
|
0-0: Called Strike 0-1: Ball 1-1: SINGLE (Line Drive, 78S, EV 93.1 MPH) Marvin Lawrence scores Mike Mentzer to third Brandon Perris to second Runner from 3rd tries for Home, SAFE, throw by LF to home
|
|
Batting: RHB Ernie Genier
|
0-0: Ball 1-0: Ball 2-0: Ball 3-0: Called Strike 3-1: Base on Balls Brandon Perris to third Garry Hash to second
|
|
Pitching: RHP Jon Killen
|
|
|
Batting: RHB Mike Quackenbush
|
0-0: Ball 1-0: Ball 2-0: Foul Ball, location: 2F 2-1: Ball 3-1: Called Strike 3-2: Foul Ball, location: 2F 3-2: SINGLE (Line Drive, 4M, EV 96.9 MPH) Brandon Perris scores Garry Hash to third Ernie Genier to second Garry Hash scores Ernie Genier to third
|
|
Batting: SHB Ben Ervin
|
0-0: Ball 1-0: Swinging Strike 1-1: Ball Mike Quackenbush steals 2nd base 2-1: Foul Ball, location: 2F 2-2: Ball 3-2: Strikes out swinging
|
| Top of the 6th over - 5 runs, 3 hits, 0 errors, 2 left on base; Pawtucket 5 - Durham 1 |
| BOTTOM OF THE 6TH |
|
Durham Bulls batting - Pitching for Pawtucket Red Sox : RHP Justin Carrion
|
|
Batting: LHB Angel Ruvalcaba
|
0-0: SINGLE (Groundball, 4D, EV 96.9 MPH)
|
|
Batting: LHB Robin More
|
0-0: Ball 1-0: Foul Ball, location: 2F 1-1: Swinging Strike 1-2: Strikes out swinging
|
|
Batting: RHB Eugênio Asceno
|
0-0: Ball Angel Ruvalcaba steals 2nd base (no throw) 1-0: Ground out 6-3 (Groundball, 6, EV 83.1 MPH) Angel Ruvalcaba to third
|
|
Batting: RHB Danny Diaz
|
0-0: Ball 1-0: Foul Ball, location: 2F 1-1: Ground out 4-3 (Groundball, 4, EV 91.3 MPH)
|
| Bottom of the 6th over - 0 runs, 1 hit, 0 errors, 1 left on base; Pawtucket 5 - Durham 1 |
| TOP OF THE 7TH |
|
Pawtucket Red Sox batting - Pitching for Durham Bulls : RHP Jon Killen
|
|
Batting: RHB Marty King
|
0-0: Ground out 6-3 (Groundball, 56D, EV 88.1 MPH)
|
|
Batting: SHB Marvin Lawrence
|
0-0: Swinging Strike 0-1: Ball 1-1: Ball 2-1: Foul Ball, location: 2F 2-2: Ball 3-2: Strikes out swinging
|
|
Batting: RHB Scott Treider
|
0-0: Ball 1-0: Foul Ball, location: 2F 1-1: Ball 2-1: Swinging Strike 2-2: Foul Ball, location: 2F 2-2: Ball 3-2: Fly out, F9 (Flyball, 89XD, EV 93.1 MPH)
|
| Top of the 7th over - 0 runs, 0 hits, 0 errors, 0 left on base; Pawtucket 5 - Durham 1 |
| BOTTOM OF THE 7TH |
|
Durham Bulls batting - Pitching for Pawtucket Red Sox : RHP Justin Carrion
|
|
Batting: LHB Brian Hollinger
|
0-0: Foul Ball, location: 2F 0-1: Foul Ball, location: 2F 0-2: Ball 1-2: Foul Ball, location: 2F 1-2: Ground out 4-3 (Groundball, 4, EV 105.0 MPH)
|
|
Batting: RHB Shinji Aizawa
|
0-0: Swinging Strike 0-1: Ball 1-1: Ball 2-1: DOUBLE (Line Drive, 8RXD, EV 102.5 MPH)
|
|
Batting: RHB Kevin Kush
|
0-0: Foul Ball, location: 2F 0-1: Swinging Strike 0-2: Ball 1-2: Strikes out swinging
|
|
Batting: RHB Jose Herrera
|
0-0: Called Strike 0-1: SINGLE (Groundball, 56D, EV 105.0 MPH) Shinji Aizawa to third Runner from 3rd tries for Home, SAFE, throw by LF to home
|
|
Batting: RHB Dusty Camelli
|
0-0: Ball 1-0: Fly out, F8 (Flyball, 8LXD, EV 101.3 MPH)
|
| Bottom of the 7th over - 1 run, 2 hits, 0 errors, 1 left on base; Pawtucket 5 - Durham 2 |
| TOP OF THE 8TH |
|
Pawtucket Red Sox batting - Pitching for Durham Bulls : RHP Jon Killen
|
|
Pitching: LHP Melvin Millan
|
|
|
Batting: LHB Mike Mentzer
|
0-0: Swinging Strike 0-1: Swinging Strike 0-2: Strikes out swinging
|
|
Batting: RHB Brandon Perris
|
0-0: Called Strike 0-1: Ball 1-1: Called Strike 1-2: Strikes out looking
|
|
Batting: RHB Garry Hash
|
0-0: Ball 1-0: Called Strike 1-1: Foul Ball, location: 2F 1-2: Ball 2-2: Foul Ball, location: 2F 2-2: Strikes out looking
|
| Top of the 8th over - 0 runs, 0 hits, 0 errors, 0 left on base; Pawtucket 5 - Durham 2 |
| BOTTOM OF THE 8TH |
|
Durham Bulls batting - Pitching for Pawtucket Red Sox : RHP Justin Carrion
|
|
Pitching: LHP Jon Green
|
|
|
Batting: LHB Angel Ruvalcaba
|
0-0: Ball 1-0: Foul Ball, location: 2F 1-1: Ball 2-1: Foul Ball, location: 2F 2-2: Strikes out swinging
|
|
Batting: SHB Soudai Abe
|
0-0: Ball 1-0: Ground out 6-3 (Groundball, 56, EV 103.1 MPH)
|
|
Pitching: LHP Ken Intagliata
|
|
|
Batting: RHB Eugênio Asceno
|
0-0: SINGLE (Groundball, 56D, EV 96.9 MPH) (infield hit)
|
|
Batting: RHB Danny Diaz
|
0-0: Ball 1-0: Called Strike 1-1: Foul Ball, location: 2F 1-2: Ball 2-2: Ball Wild Pitch! Eugênio Asceno to second 3-2: Foul Ball, location: 2F 3-2: Strikes out swinging
|
| Bottom of the 8th over - 0 runs, 1 hit, 0 errors, 1 left on base; Pawtucket 5 - Durham 2 |
| TOP OF THE 9TH |
|
Pawtucket Red Sox batting - Pitching for Durham Bulls : LHP Melvin Millan
|
|
Pitching: LHP Frank Rodriguez
|
|
|
Batting: RHB Ernie Genier
|
0-0: Called Strike 0-1: Ball 1-1: Ball 2-1: Called Strike 2-2: Strikes out swinging
|
|
Batting: RHB Mike Quackenbush
|
0-0: Ball 1-0: Called Strike 1-1: Ball 2-1: Ground out 5-3 (Groundball, 56, EV 86.3 MPH)
|
|
Batting: SHB Ben Ervin
|
0-0: Ball 1-0: Swinging Strike 1-1: Ball 2-1: Called Strike 2-2: Fly out, F7 (Flyball, 78S, EV 98.8 MPH)
|
| Top of the 9th over - 0 runs, 0 hits, 0 errors, 0 left on base; Pawtucket 5 - Durham 2 |
| BOTTOM OF THE 9TH |
|
Durham Bulls batting - Pitching for Pawtucket Red Sox : LHP Ken Intagliata
|
|
Pitching: RHP John Jordan
|
|
|
Batting: LHB Brian Hollinger
|
0-0: Foul Ball, location: 2F 0-1: Foul Ball, location: 2F 0-2: Strikes out swinging
|
|
Pinch Hitting: SHB Ben Pierce
|
0-0: Ball 1-0: Called Strike 1-1: Foul Ball, location: 2F 1-2: Ball 2-2: Foul Ball, location: 2F 2-2: Strikes out looking
|
|
Batting: RHB Kevin Kush
|
0-0: Ball 1-0: Ball 2-0: Foul Ball, location: 2F 2-1: Ball 3-1: Foul Ball, location: 2F 3-2: Strikes out swinging
|
| Bottom of the 9th over - 0 runs, 0 hits, 0 errors, 0 left on base; Pawtucket 5 - Durham 2 |
|